Unix NetHack Version 3.7.0-83 Work-in-progress - last build Apr 28 2023 12:05:44 (2625824c38750939014cf799bb7ff71c9e9c2d48,branch:master). Game began 2023-05-04 18:12:47, ended 2023-05-14 13:43:13. spontiff, neutral male gnomish Healer --- -.)| |0..| |...-- ... |..... --..... --..... --.-......-|...--.. -.i@.......|.-- |... .......G...<.| |-.. ...........-- |... -....h....-----.. --.............. |-....-------- |....-- --...-- --...- |.... |..... --.... |..|. ---- Spontiff the Rhizotomist St:9 Dx:11 Co:17 In:7 Wi:15 Ch:17 Neutral S:354 Dlvl:8 $:0 HP:0(43) Pw:6(6) AC:1 Xp:1/1 T:7547 Fainting Latest messages: Call a blue gem: u1 What do you want to drop? [aDNT or ?*] a You drop a gem called u1. The rock mole bites! The rock mole picks up a gem called u1. You hear a crunching sound. You faint from lack of food. The homunculus just misses! You regain consciousness. Talk to whom? (in what direction) k The homunculus bites! The homunculus bites! The newt misses! The newt misses! The homunculus bites! You avoid harm. The newt bites! The homunculus bites! The homunculus bites! The homunculus bites! You are put to sleep by the homunculus! The newt misses! The homunculus bites! The combat suddenly awakens you. The newt bites! The homunculus bites! You are put to sleep by the homunculus! The newt bites! The homunculus just misses! The newt bites! The homunculus misses! The homunculus bites! The newt bites! The homunculus bites! The newt misses! The homunculus bites! The newt just misses! The homunculus bites! You wake up. The homunculus misses! The newt bites! The homunculus bites! The newt bites! The newt misses! The homunculus bites! The homunculus bites! You avoid harm. You die... Do you want your possessions identified? [ynq] (y) y Do you want to see the dungeon overview? [ynq] (y) q Inventory: Wands D - an uncursed wand of striking (0:6) N - an uncursed wand of striking (0:3) T - an uncursed wand of teleportation (0:7) Spontiff the Healer's attributes: Background: You were a Rhizotomist, a level 1 male gnomish Healer. You were neutral, on a mission for Hermes who was opposed by Athena (lawful) and Poseidon (chaotic). You were in the Gnomish Mines, on level 8. You entered the dungeon 7547 turns ago. You had 1 experience point, 19 more were needed to attain level 2. Your score was 354 before end-of-game adjustments. Basics: You had 0 out of 43 hit points. You had all 6 energy points (spell power). Your armor class was 1. Your wallet was empty. Autopickup was on for '$!/="?' plus thrown, with exceptions. Final Characteristics: Your strength was 9 (base:10, limit:18/50). Your dexterity was 11 (limit:18). Your constitution was 17 (limit:18). Your intelligence was 7 (limit:19). Your wisdom was 15 (limit:18). Your charisma was 17 (limit:18). Final Status: You were fainting due to starvation. You were unencumbered. You were bare handed. You were unskilled in bare handed combat. You were not wearing any armor. Final Attributes: You were piously aligned. You were poison resistant. You saw invisible. You had infravision. You had a moderate defense bonus (+9). You were warded. You are dead. Miscellaneous: You never encountered a bones level. Total elapsed playing time was 3 hours, 45 minutes and 43 seconds. Major events: Turn 1: spontiff the neutral male gnomish Healer entered the dungeon 1210: entered the Gnomish Mines 2013: reached Mine Town 7547: killed by a homunculus Vanquished creatures: 2 small mimics 3 watchmen a giant spider a bugbear 2 rock piercers 2 shriekers 3 gnome leaders a straw golem a paper golem 3 giant ants a little dog a floating eye a kitten 9 dwarves 3 homunculi 2 kobold leaders 2 hill orcs 2 rothes a rabid rat 2 giant bats 2 orc zombies 3 dwarf zombies 7 iguanas 2 acid blobs 5 coyotes 4 gas spores 3 hobbits 6 manes 4 large kobolds a hobgoblin 5 giant rats 2 cave spiders 2 brown molds 3 yellow molds 3 green molds 4 red molds 13 gnomes 2 garter snakes 2 gnome zombies 9 geckos 8 jackals 4 foxes a kobold 6 goblins a sewer rat 12 grid bugs 5 bats 16 lichens 18 newts 196 creatures vanquished. No species were genocided or became extinct. Voluntary challenges: You never hit with a wielded weapon. You read items or engraved 1 time. You engraved Elbereth 1 time. You never genocided any monsters. You never polymorphed an object. You never changed form. You used no wishes. Achievements: You entered the Gnomish Mines. You entered Minetown. You entered a shop. You entered a temple. The Dungeons of Doom: levels 1 to 3 Level 1: An altar to Hermes. Level 2: "vault" An altar to Hermes, a fountain. Stairs down to The Gnomish Mines. Level 3: The Gnomish Mines: levels 3 to 8 Level 3: "pick about" Level 4: Level 5: Many shops, a temple to Hermes, some fountains, some trees. Level 6: Level 7: Level 8: <- You were here. Final resting place for you, killed by a homunculus. Game over: ---------- / \ / REST \ / IN \ / PEACE \ / \ | spontiff | | 0 Au | | killed by a | | homunculus | | | | | | 2023 | *| * * * | * _________)/\\_//(\/(/\)/\//\/|_)_______ Goodbye spontiff the Healer... You died in The Gnomish Mines on dungeon level 8 with 354 points, and 0 pieces of gold, after 7547 moves. You were level 1 with a maximum of 43 hit points when you died.